 Dungeon Crawl Stone Soup version 0.30.1-9-gdf580d7c3d (webtiles) character file.

Game seed: 16435508448682586133

9527 boopmooplesden the Basher (level 11, -7/99 HPs)
             Began as a Minotaur Fighter on Sept 30, 2023.
             Was an Elder of Trog.
             Mangled by a boulder beetle (34 damage)
             ... on level 9 of the Dungeon.
             The game lasted 00:11:55 (8549 turns).

boopmooplesden the Basher (Minotaur Fighter)        Turns: 8549, Time: 00:11:55

Health: -7/99      AC: 20    Str: 23    XL:     11   Next: 24%
Magic:  10/10      EV: 10    Int:  5    God:    Trog [****..]
Gold:   722        SH:  0    Dex: 12    Spells: 10/10 levels left

rFire   + . .        g - +6 dire flail (holy)
rCold   x . .        (shield currently unavailable)
rNeg    . . .        h - +5 chain mail
rPois   +            (helmet restricted)
rElec   .            H - +2 cloak "Poydol" {rPois SInv}
rCorr   .            (no gloves)
SInv    +            (no boots)
Will    .....        (no amulet) Stlth
                     r - ring of fire
HPRegen 0.36/turn    c - ring of flight
MPRegen 0.12/turn

%: no passive effects
@: flying
A: horns 2, retaliatory headbutt
a: Renounce Religion, Berserk, Trog's Hand, Brothers in Arms


You were on level 9 of the Dungeon.
You worshipped Trog.
Trog was greatly pleased with you.
You visited 2 branches of the dungeon, and saw 10 of its levels.
You also visited: Ossuary.

You collected 722 gold pieces.

Inventory:

Hand Weapons
 a - a +2 long sword of freezing
 g - a +6 dire flail of holy wrath (weapon)
Missiles
 d - a throwing net (quivered)
 z - 8 boomerangs
Armour
 b - a +0 scale mail
 h - a +5 chain mail (worn)
 H - the +2 cloak "Poydol" (worn) {rPois SInv}
   (You found it on level 7 of the Dungeon)

   rPois:     It protects you from poison.
   SInv:      It lets you see invisible.
 J - a +2 pair of boots
Jewellery
 c - a ring of flight (right hand)
 e - a ring of fire
 r - a ring of fire (left hand)
Wands
 f - a wand of roots (14)
 p - a wand of mindburst (14)
 y - a wand of paralysis (7)
 I - a wand of digging (6)
 K - a wand of acid (7)
Scrolls
 j - 2 scrolls of poison
 k - 9 scrolls of identify
 s - 2 scrolls of amnesia
 v - 3 scrolls of summoning
 x - 2 scrolls of magic mapping
 A - a scroll of fog
 D - 4 scrolls of teleportation
 F - 2 scrolls of enchant weapon
 G - 2 scrolls of blinking
Potions
 i - a potion of ambrosia
 l - a potion of cancellation {unknown}
 m - a potion of curing {unknown}
 n - a potion of brilliance {unknown}
 o - 2 potions of heal wounds {unknown}
 q - a potion of degeneration {unknown}
 t - a potion of berserk rage {unknown}
 u - 4 potions of mutation {unknown}
 w - 5 potions of invisibility {unknown}
 B - a potion of lignification {unknown}
 C - 3 potions of attraction {unknown}
 E - 4 potions of might
 L - a potion of flight {unknown}


   Skills:
 + Level 9.7 Fighting
 + Level 6.0 Long Blades
 + Level 14.2 Maces & Flails
 + Level 9.9 Armour
 + Level 4.7 Dodging
 + Level 0.5 Stealth
 + Level 5.0 Shields
 + Level 0.2 Evocations


You had 10 spell levels left.
You didn't know any spells.
Your spell library contained the following spells:

 Spells                   Type           Power      Damage    Failure   Level
 Ensorcelled Hibernation  Hex/Ice        0%         N/A       98%         2
 Passwall                 Tmut/Erth      0%         N/A       98%         2
 Spider Form              Tmut/Pois      0%         N/A       100%        3
 Swiftness                Air            0%         N/A       100%        3
 Anguish                  Hex/Necr       0%         N/A       100%        4


Dungeon Overview and Level Annotations

Branches:
Dungeon (9/15)             Temple (1/1) D:5            Lair (0/5) D:9
Ossuary (visited)
    Orc: D:9-12

Altars:
Gozag
Kikubaaqudgha
Nemelex Xobeh
Okawaru
Qazlal
Ru
Sif Muna
Trog
Uskayaw
Vehumet
Xom
Yredelemnul
The Shining One

Shops:
D:4 [   D:8 [


Innate Abilities, Weirdness & Mutations

You have a pair of horns on your head.
You reflexively headbutt those who attack you in melee.


Message History

The electric eel shoots out a bolt of lightning at you!
The bolt of electricity hits you but does no damage.
The electric eel shoots out a bolt of lightning at you!
The bolt of electricity hits you.
Found a gluggy clear potion.
The electric eel shoots out a bolt of lightning at you!
The bolt of electricity hits you!
The electric eel shoots out a bolt of lightning at you!
The bolt of electricity hits you!
The electric eel shoots out a bolt of lightning at you!
The bolt of electricity hits you!
You sock the electric eel!
You kill the electric eel!
Trog accepts your kill.
The electric eel shoots out a bolt of lightning at you!
The bolt of electricity misses you.
The electric eel shoots out a bolt of lightning at you!
The bolt of electricity hits you but does no damage.
The electric eel shoots out a bolt of lightning at you!
The bolt of electricity hits you.
The electric eel shoots out a bolt of lightning at you!
The bolt of electricity hits you but does no damage.
A boulder beetle comes into view.
The electric eel shoots out a bolt of lightning at you!
The bolt of electricity hits you!
* * * LOW HITPOINT WARNING * * *
The boulder beetle leaps!
The electric eel shoots out a bolt of lightning at you!
The bolt of electricity hits you.
* * * LOW HITPOINT WARNING * * *
The electric eel shoots out a bolt of lightning at you!
The bolt of electricity hits you but does no damage.
The boulder beetle curls into a ball and begins rolling!
Things that are here:
a +0 scale mail; a +0 short sword
Things that are here:
a +2 leather armour of fire resistance; a +0 club You see here a hound skeleton.
The boulder beetle hits you!!
You die...

........# #.# ........# #..#
#.# .......:# #..# #.#
........# #..# #.# #
.........# #..# #.# #
.........# #..# #.# #
........[# #..# #.# #
.........######..# #.## #
.......°°○B@<...#########...
#
........[[.÷÷...............
#
#####...#####..............#
# #...#####...#########..#
####.
#...........†......##..#
.....
#....~....~........##<.#
.>...#
#.....~.~.≈.~.~..~.##..#
.....#
#.....~≈≈~~~~.~....##..#
###..#
#......~≈≈~~.~.~~~.##..#


You could see a boulder beetle (rolling).

Vanquished Creatures
  A boulder beetle (D:9)
  A deep elf zephyrmancer (D:6)
  Maggie (D:7)
  A tengu conjurer (D:8)
  The ghost of eliilek the Shield-Bearer, an amateur MiFi of Uskayaw (D:5)
  2 trolls (D:9)
  A hornet (D:7)
  A wyvern (D:7)
  2 wraiths
  11 yaks
  Eustachio (D:6)
  A steam dragon (D:7)
  Edmund (D:4)
  Duvessa (D:4)
  3 water moccasins
  5 orc warriors
  4 ice beasts
  3 sky beasts
  A wolf (D:9)
  An ogre (D:6)
  4 centaurs
  3 phantoms
  2 kobold brigands (D:8)
  The ghost of monsoonserge the Digger, an amateur GrEE (D:3)
  3 bullfrogs
  A gnoll sergeant (D:8)
  2 wights
  Dowan (D:4)
  11 killer bees
  8 electric eels
  5 howler monkeys
  2 gnoll boudas (D:7)
  2 jellies
  4 orc priests
  7 hounds
  A sleepcap (D:5)
  2 iguanas
  3 orc wizards
  2 mummies
  11 gnolls
  10 adders
  A white imp (D:7)
  An ufetubus (D:5)
  A worm (D:2)
  3 dart slugs
  21 orcs
  A spectral bat (Ossuary)
  9 ball pythons
  6 endoplasms
  A giant cockroach (D:2)
  7 goblins
  4 hobgoblins
  8 kobolds
  6 quokkas
  3 bats
  2 bat simulacra (Ossuary)
  4 frilled lizards
  12 gnoll zombies (Ossuary)
  3 goblin simulacra (Ossuary)
  3 goblin zombies (Ossuary)
  7 hobgoblin zombies
  3 kobold simulacra (Ossuary)
  7 kobold zombies
  5 orc zombies (Ossuary)
  5 rats
  3 rat simulacra (Ossuary)
  3 spectral goblins (Ossuary)
  6 spectral kobolds (Ossuary)
  6 spectral rats (Ossuary)
269 creatures vanquished.

Notes
Turn   | Place    | Note
-------+----------+-------------------------------------------
     0 | D:1      | boopmooplesden the Minotaur Fighter began the quest for the
                  | Orb.
     0 | D:1      | Reached XP level 1. HP: 19/19 MP: 0/0
   322 | D:1      | Reached XP level 2. HP: 27/27 MP: 1/1
   677 | D:2      | Found a basalt altar of Yredelemnul.
   700 | D:2      | Reached XP level 3. HP: 26/33 MP: 2/2
   725 | D:2      | Reached XP level 4. HP: 8/40 MP: 3/3
  1411 | D:2      | Found a faded altar of an unknown god.
  1651 | D:3      | Found a runed translucent gate.
  1651 | D:3      | Found a runed translucent gate.
  1651 | D:3      | Found a runed translucent gate.
  1820 | D:3      | Found a basalt altar of Yredelemnul.
  1832 | D:3      | Reached XP level 5. HP: 46/47 MP: 4/4
  2003 | D:3      | Noticed monsoonserge's ghost (amateur GrEE)
  2251 | D:3      | Found an opulent altar of Gozag.
  2419 | D:3      | Killed monsoonserge's ghost
  2420 | D:3      | Reached skill level 5 in Armour
  2468 | D:4      | Noticed Edmund
  2480 | D:4      | Killed Edmund
  2481 | D:4      | Reached skill level 5 in Long Blades
  2481 | D:4      | Reached XP level 6. HP: 9/55 MP: 5/5
  2786 | D:4      | Found Ufabbobio's Armour Shop.
  2878 | D:4      | Noticed Duvessa
  2879 | D:4      | Noticed Dowan
  2891 | D:4      | Killed Duvessa
  2892 | D:4      | Reached skill level 5 in Fighting
  2892 | D:4      | Reached skill level 5 in Shields
  2896 | D:4      | Killed Dowan
  2897 | D:4      | Reached skill level 1 in Maces & Flails
  2964 | D:4      | Reached XP level 7. HP: 61/61 MP: 6/6
  3269 | D:5      | Entered Level 5 of the Dungeon
  3471 | D:5      | Reached skill level 2 in Maces & Flails
  3521 | D:5      | Found a staircase to the Ecumenical Temple.
  3542 | D:5      | Reached skill level 3 in Maces & Flails
  3542 | D:5      | Reached skill level 1 in Dodging
  3922 | D:5      | Noticed eliilek's ghost (amateur MiFi)
  4014 | D:5      | Found a runed translucent door.
  4370 | D:5      | Killed eliilek's ghost
  4371 | D:5      | Reached skill level 4 in Maces & Flails
  4371 | D:5      | Reached XP level 8. HP: 58/70 MP: 7/7
  4420 | Temple   | Entered the Ecumenical Temple
  4427 | Temple   | Became a worshipper of Trog the Wrathful
  4467 | D:6      | Noticed Eustachio
  4486 | D:6      | Killed Eustachio
  4487 | D:6      | Reached skill level 5 in Maces & Flails
  4497 | D:6      | Noticed a deep elf zephyrmancer
  4510 | D:6      | Killed a deep elf zephyrmancer
  4511 | D:6      | Reached skill level 7 in Maces & Flails
  4963 | D:6      | Reached skill level 8 in Maces & Flails
  4975 | D:6      | Found a sacrificial altar of Ru.
  5149 | D:6      | Reached XP level 9. HP: 69/78 MP: 8/8
  5630 | D:7      | Noticed Maggie
  5642 | D:7      | Reached skill level 9 in Maces & Flails
  5655 | D:7      | Killed Maggie
  5655 | D:7      | Reached * piety under Trog
  5859 | D:7      | Found a radiant altar of Vehumet.
  5912 | D:7      | Reached skill level 10 in Maces & Flails
  5955 | D:7      | Identified the +2 cloak "Poydol" {rPois SInv}
  5961 | D:7      | Found a sand-covered staircase.
  6004 | Ossuary  | Entered an ossuary
  6066 | Ossuary  | Reached ** piety under Trog
  6336 | Ossuary  | Reached *** piety under Trog
  6425 | D:7      | You fall into a shaft and drop 2 floors!
  6469 | D:9      | Reached XP level 10. HP: 57/88 MP: 9/9
  6480 | D:9      | Reached skill level 11 in Maces & Flails
  6495 | D:9      | Noticed a boulder beetle
  6523 | D:9      | Killed a boulder beetle
  6524 | D:9      | Reached skill level 12 in Maces & Flails
  6781 | D:8      | Reached **** piety under Trog
  6793 | D:8      | Reached skill level 13 in Maces & Flails
  7023 | D:8      | Reached XP level 11. HP: 97/97 MP: 10/10
  7113 | D:8      | Found Zoidygh's Armour Emporium.
  7113 | D:8      | Noticed an animated storm dragon scales
  7113 | D:8      | Noticed an animated storm dragon scales
  7637 | D:7      | Reached skill level 14 in Maces & Flails
  7856 | D:7      | HP: 3/97 [something (8)]
  8532 | D:9      | Found a staircase to the Lair.
  8541 | D:9      | Noticed a boulder beetle
  8549 | D:9      | Mangled by a boulder beetle

Illustrated notes

Levels and vault maps discovered:
D:1:      dpeg_arrival_short_road, layout_loops_ring, roderic_three_in_a_row,
          minivault_23, hangedman_decor_lopped
D:2:      layout_basic, dreamdust_ecumenical_altar_hidden_monk_grotto,
          basic_altar
D:3:      layout_basic, mainiacjoe_overflow_catwalk, grunt_gozag_statues,
          ebering_ghost_rock_garden
D:4:      layout_loops_cross, serial_shops, shop, uniq_duvessa, uniq_edmund
D:5:      layout_layer_cave, temple_doors_e, hellmonk_ghost_happy_afterlife,
          minmay_mini_ossuary
D:6:      layout_loops_corners, amcnicky_altar_gilded,
          guppyfry_early_elven_hall, uniq_eustachio
D:7:      layout_loops_ring, nicolae_vehumet_radiance,
          chequers_ossuary_entry_cave, corexii_checkpoint_a, kennysheep_boxes,
          uniq_maggie
D:8:      cheibrodos_fzero, layout_cave_pools, serial_shops,
          nicolae_shop_mannequins
D:9:      minmay_distorted_concentric_squares, layout_long_grid,
          jmf_multi_god_temple, fedhas_ov_isle_minmay, erik_lair_island,
          kennysheep_orc_monster_closet_entryway, uniq_amaemon
Temple:   nicolae_temple_x_marks_the_god

Skill      XL: |  1  2  3  4  5  6  7  8  9 10 11 |
---------------+----------------------------------+-----
Fighting       | 4 5 6 8 9 |  9.7
Armour         | 4 5 6 7 8 9 |  9.9
Shields        | 4 5 |  5.0
Long Blades    | 3 5 6 |  6.0
Maces & Flails | 1 4 8 10 13 14 | 14.2
Dodging        | 1 2 4 |  4.7
Stealth        | |  0.5
Evocations     | |  0.2

Action                     |  1- 3 |  4- 6 |  7- 9 | 10-12 || total
---------------------------+-------+-------+-------+-------++-------
  Melee: Long sword        |    43 |   111 |       |       ||   154
         Headbutt          |     5 |    14 |    38 |    32 ||    89
         Dire flail        |       |    13 |   273 |   193 ||   479
 Invoke: Berserk           |       |       |       |     3 ||     3
  Evoke: Wand              |       |     2 |       |       ||     2
    Use: Potion            |     1 |     1 |       |     1 ||     3
         Scroll            |       |    10 |     9 |       ||    19
 Armour: Scale mail        |     7 |       |       |       ||     7
         Chain mail        |    34 |    64 |   174 |   121 ||   393
  Dodge: Dodged            |    30 |    39 |   125 |   103 ||   297
  Block: Buckler           |    20 |    22 |       |       ||    42
